AoeStats
← Knights hospitaller

Glade

510308690Analyzed
1v1 RM · 15h ago on Sep 30, 2026· 24m 34s· 2 players
Game mode
Random Map
Map size
Tiny (2 player)
Population
200
Speed
Normal
Resources
Standard
Victory
Conquest
Starting age
Dark Age
Ending age
Imperial Age
RankedLock teamsTeams togetherTeam positionsShared explorationLock speedFull tech treeHidden civsTurbo modeCheats
Victory
Defeat
🇪🇸 Danes · Spain
1152
+17
🇭🇰 Byzantines · Hong Kong SAR China
1166
-17
Knights hospitaller
7:06 Loom
9:14 Feudal Age
9:32 Man-at-Arms
13:30 Arson
19:03 Wheelbarrow
20:10 Forging
20:00 Scale Mail Armor
23:56 Castle Age
24:29 Gambesons
24:45 Squires
YKK
6:32 Loom
7:16 Loom
10:29 Feudal Age
10:43 Man-at-Arms
17:23 Fletching
21:39 Padded Archer Armor
23:31 Horse Collar
23:37 Double-Bit Axe
Connection lost

Rejoining the realm…

Still unreachable

The connection could not be restored.

Session expired

The server has moved on; the page needs a fresh start.